 Dungeon Crawl Stone Soup version 0.25.1-2-g60ff931df9 (webtiles) character file.

Game seed: 3867647434514019115

23 Acheron the Magician (level 2, 0/15 HPs)
             Began as a Gargoyle Wizard on Oct 19, 2020.
             Slain by an adder (3 damage)
             ... on level 2 of the Dungeon.
             The game lasted 00:04:37 (1049 turns).

Acheron the Magician (Gargoyle Wizard)              Turns: 1049, Time: 00:04:38

Health: 0/15       AC:  4    Str: 10    XL:     2   Next: 95%
Magic:  6/6        EV: 12    Int: 18    God:
Gold:   62         SH:  0    Dex:  8    Spells: 3/8 levels left

rFire    + . .     SeeInvis .   c - +0 short sword
rCold    + . .     Gourm    .   (no shield)
rNeg     + . .     Faith    .   a - +0 robe
rPois    ∞         Spirit   .   b - +0 hat
rElec    +         Reflect  .   l - scarf {rC+ rF+}
rCorr    .         Harm     .   (no gloves)
MR       .....                  (no boots)
Stlth    ++........             (no amulet)
HPRegen  0.05/turn              (no ring)
MPRegen  0.10/turn              (no ring)

@: no status effects
A: negative energy resistance 1, electricity resistance, unbreathing,
petrification resistance, rot immunity, AC +2
a: no special abilities


You were on level 2 of the Dungeon.
You were not hungry.

You visited 1 branch of the dungeon, and saw 2 of its levels.

You collected 62 gold pieces.

Inventory:

Hand Weapons
 c - a +0 short sword (weapon)
Missiles
 n - 20 stones (quivered)
 q - 23 sling bullets
Armour
 a - a +0 robe (worn)
 b - a +0 hat (worn)
 l - a scarf of resistance (worn)
Jewellery
 j - an uncursed ring of protection from fire {unknown}
Scrolls
 h - a scroll of fear {unknown}
 i - 4 scrolls of identify {unknown}
 o - a scroll of amnesia {unknown}
 p - a scroll of teleportation {unknown}
Potions
 e - a potion of invisibility {unknown}
 g - a potion of flight {unknown}
 k - 2 potions of curing {unknown}
 m - a potion of heal wounds {unknown}
Comestibles
 d - a ration
 f - 3 chunks of flesh


   Skills:
 + Level 0.1 Short Blades
 + Level 1.6 Dodging
 * Level 2.4 Stealth
 + Level 3.5 Spellcasting
 * Level 1.6 Conjurations
 + Level 0.8 Summonings
 + Level 0.8 Translocations


You had 3 spell levels left.
You knew the following spells:

 Your Spells              Type           Power        Failure   Level  Hunger
a - Magic Dart            Conj           #...         8%          1    None
b - Blink                 Tloc           N/A          17%         2    ##.....
c - Call Imp              Summ           #.......     17%         2    ##.....

Your spell library contained the following spells:

 Spells                   Type           Power        Failure   Level  Hunger
 Slow                     Hex            #.......     24%         2    ##.....
 Conjure Flame            Conj/Fire      #.......     32%         3    ###....
 Mephitic Cloud           Conj/Pois/Air  #.......     36%         3    ###....


Dungeon Overview and Level Annotations

Branches:
Dungeon (2/15)

Altars:
Ashenzari


Innate Abilities, Weirdness & Mutations

You are resistant to torment.
Your stone body is resilient. (AC +2)
You are immune to poison.
You resist negative energy. (rN+)
You are resistant to electric shocks. (rElec)
You can survive without breathing.
You are immune to petrification.
You are immune to rotting.


Message History

You closely miss the adder.
The adder is heavily wounded.
The adder bites you.
You hit the adder but do no damage.
The adder is heavily wounded.
The adder bites you. x2
* * * LOW HITPOINT WARNING * * *
You hit the adder.
The adder is severely wounded.
The adder bites you but does no damage.
You closely miss the adder.
The adder is severely wounded.
The adder bites you.
* * * LOW HITPOINT WARNING * * *
You hit the adder.
The adder is almost dead.
The adder bites you.
* * * LOW HITPOINT WARNING * * *
The adder bites you.
You die...

.. .# .# .#
.### # ...#
#.# ##S#.#
#...#@.#.###
#...##...#
##.......#####
#..#.........
#.###...####
#. ##..## ..
##..## ..#
##..#### #..
##....####


You could see an adder.

Vanquished Creatures
  2 leopard geckos (D:1)
  A bat (D:1)
  3 giant cockroaches
  3 goblins (D:1)
  3 hobgoblins (D:1)
  2 frilled lizards
  2 kobolds
  3 rats (D:2)
19 creatures vanquished.

Notes
Turn   | Place    | Note
-------+----------+-------------------------------------------
     0 | D:1      | Acheron the Gargoyle Wizard began the quest for the Orb.
     0 | D:1      | Reached XP level 1. HP: 10/10 MP: 4/4
   239 | D:1      | Found a shattered altar of Ashenzari.
   442 | D:1      | Reached XP level 2. HP: 15/15 MP: 1/6
   601 | D:1      | Learned a level 2 spell: Blink
   604 | D:1      | Learned a level 2 spell: Call Imp
  1049 | D:2      | Slain by an adder

Illustrated notes

Levels and vault maps discovered:
D:1:      tarquinn_simple_flora_water_e, layout_basic, minmay_liquid_box,
          ashenzari_altar_1
D:2:      layout_rooms, first_ration, wander_ebering_terrifying_dragon_lair

Action                   || total
-------------------------++-------
Melee: Short sword       ||    47
 Cast: Magic Dart        ||    21
Armor: Robe              ||    16
Dodge: Dodged            ||    30
